 Dungeon Crawl Stone Soup version 0.21.1-1-g345015fe64 (webtiles) character file.

906 ILYA101 the Shield-Bearer (level 7, -1/64 HPs)
             Began as a Minotaur Fighter on June 24, 2018.
             Succumbed to an orc warrior's poison
             ... on level 5 of the Dungeon.
             The game lasted 00:13:19 (4517 turns).

ILYA101 the Shield-Bearer (Minotaur Fighter)        Turns: 4517, Time: 00:13:20

Health: -1/64      AC: 13    Str: 27    XL:     7   Next: 81%
Magic:  6/6        EV:  5    Int:  5    God:
Gold:   291        SH: 11    Dex: 10    Spells: 6/6 levels left

rFire    . . .     SeeInvis .   a - +1 war axe
rCold    . . .     Gourm    .   c - +0 shield
rNeg     . . .     Faith    .   q - +0 plate armour
rPois    .         Spirit   .   (helmet restricted)
rElec    .         Reflect  .   (no cloak)
rCorr    +         Harm     .   (no gloves)
MR       .....                  s - +0 pair of boots
Stlth    ..........             (no amulet)
HPRegen  0.20/turn              e - ring of resist corrosion
MPRegen  0.10/turn              (no ring)

@: mighty, lethally poisoned (-1 -> -21)
A: retaliatory headbutt, horns 2
a: no special abilities


You were on level 5 of the Dungeon.
You were not hungry.

You visited 1 branch of the dungeon, and saw 5 of its levels.

You collected 291 gold pieces.

Inventory:

Hand Weapons
 a - a +1 war axe (weapon)
Armour
 c - a +0 shield (worn)
 q - a +0 plate armour (worn)
 s - a +0 pair of boots (worn)
Jewellery
 e - a ring of resist corrosion (left hand)
Scrolls
 b - a scroll of enchant weapon
 i - 2 scrolls of remove curse {unknown}
 o - a scroll of magic mapping
 p - a scroll of fog {unknown}
 t - a scroll of fear {unknown}
 u - 2 scrolls of identify
 v - a scroll of teleportation
Potions
 d - a potion of might
 h - a potion of degeneration {unknown}
 j - a potion of heal wounds {unknown}
 l - a potion of agility {unknown}
 m - a potion of cancellation {unknown}
 n - a potion of resistance {unknown}
 r - a potion of magic {unknown}
Comestibles
 f - 12 rations
 g - 2 chunks of flesh


   Skills:
 * Level 6.6 Fighting
 + Level 5.9 Axes
 + Level 5.8 Armour
 - Level 0.4 Dodging
 * Level 6.6 Shields


You had 6 spell levels left.
You didn't know any spells.

Dungeon Overview and Level Annotations

Branches:
Dungeon (5/15)
 Temple: D:4-7

Altars:
Elyvilon
Ru


Innate Abilities, Weirdness & Mutations

You reflexively headbutt those who attack you in melee.
You have a pair of horns on your head.


Message History

You are more poisoned.
You closely miss the orc warrior.
You headbutt the orc warrior, but do no damage.
The orc warrior is heavily wounded.
* * * LOW HITPOINT WARNING * * *
You feel very sick.
The orc warrior hits you with a short sword of venom!
* * * LOW HITPOINT WARNING * * *
You block the orc warrior's attack.
You feel better.
The orc warrior hits you but does no damage.
You are poisoned.
You feel very mighty all of a sudden.
You feel sick.
The orc warrior hits you with a short sword of venom!
* * * LOW HITPOINT WARNING * * *
You are more poisoned.
You hit the orc warrior. Your headbutt misses the orc warrior.
The orc warrior is severely wounded.
You die...

.....................
##.######.#.#>##.###
##<#........(..#.#####
#.....#####.##.#(....
.......#
#.##.#..######
#......#
#....(.?......
#..#.#.# #.##.#..#####
......... #.##.#..#
#...........##.#@o#
#.#..#.#.#####.#)(# #.
..#... .......
......... ..$..#####
..##.## ... #.# ###
#.#


You could see an orc warrior.

Vanquished Creatures
  Duvessa (D:5)
  Dowan (D:4)
  A hound (D:4)
  5 orc priests
  6 orc wizards
  4 bullfrog skeletons (D:4)
  Jessica (D:3)
  2 worker ants (D:4)
  A hound skeleton (D:4)
  8 adders
  A shadow imp (D:5)
  An ooze (D:1)
  An adder skeleton (D:4)
  4 worms
  2 dart slugs
  3 leopard geckos
  20 orcs
  A ball python (D:1)
  2 giant cockroaches (D:4)
  8 goblins
  3 hobgoblins
  3 jackals (D:2)
  11 kobolds
  A quokka (D:4)
  6 bats
  7 frilled lizards
  A quokka skeleton (D:4)
  10 rats
  2 plants (D:3)
117 creatures vanquished.

Notes
Turn   | Place    | Note
-------+----------+-------------------------------------------
     0 | D:1      | ILYA101 the Minotaur Fighter began the quest for the Orb.
     0 | D:1      | Reached XP level 1. HP: 19/19 MP: 0/0
   125 | D:1      | Reached XP level 2. HP: 27/27 MP: 1/1
   402 | D:1      | Reached XP level 3. HP: 33/33 MP: 2/2
   954 | D:2      | Found a faded altar of an unknown god.
   959 | D:3      | Noticed Jessica
  1052 | D:2      | Reached XP level 4. HP: 32/41 MP: 3/3
  1822 | D:3      | Killed Jessica
  1875 | D:3      | Reached XP level 5. HP: 47/47 MP: 4/4
  2129 | D:3      | Found a sacrificial altar of Ru.
  2130 | D:3      | Found a white marble altar of Elyvilon.
  2234 | D:3      | Reached skill level 5 in Axes
  2234 | D:3      | Reached XP level 6. HP: 46/55 MP: 5/5
  2597 | D:4      | Reached skill level 5 in Fighting
  2597 | D:4      | Reached skill level 5 in Shields
  2728 | D:4      | Reached skill level 5 in Armour
  3608 | D:4      | Reached XP level 7. HP: 61/61 MP: 6/6
  4216 | D:5      | Entered Level 5 of the Dungeon
  4216 | D:5      | Noticed Dowan
  4218 | D:5      | Noticed Duvessa
  4229 | D:5      | Killed Duvessa
  4238 | D:4      | Killed Dowan
  4514 | D:5      | HP: 1/64 [orc warrior/short sword of venom (11)]
  4517 | D:5      | Succumbed to an orc warrior's poison

Skill      XL: |  1  2  3  4  5  6  7 |
---------------+----------------------+-----
Fighting       | 4 5 6 |  6.6
Shields        | 4 5 6 |  6.6
Armour         | 4 5 |  5.8
Axes           | 3 5 |  5.9
Dodging        | |  0.4

Action                   |  1- 3 |  4- 6 |  7- 9 || total
-------------------------+-------+-------+-------++-------
Melee: War axe           |    93 |   177 |    80 ||   350
       Headbutt          |    10 |    28 |    14 ||    52
  Use: Scroll            |     6 |       |       ||     6
       Potion            |       |       |     3 ||     3
  Eat: Chunk             |     1 |     8 |     3 ||    12
Armor: Scale mail        |    50 |    13 |       ||    63
       Plate armour      |       |    56 |    57 ||   113
Dodge: Dodged            |    25 |    23 |    13 ||    61
Block: Shield            |    56 |    72 |    30 ||   158
